 Seeded DCSS version 0.29.0-11-gd7f09526c8 (webtiles) character file.

Game seed: 599014582449541784 (custom seed)

49 nickcage the Poker (level 3, -1/22 (27) HPs)
             Began as a Merfolk Gladiator on Sept 2, 2022.
             Slain by a wight
             ... wielding a +0 flail
              (2 damage)
             ... on level 6 of the Dungeon.
             The game lasted 00:04:22 (1744 turns).

nickcage the Poker (Merfolk Gladiator)              Turns: 1744, Time: 00:04:22

HP:   -1/22 (27)    AC:  8    Str: 16    XL:     3   Next: 75%
MP:   3/3           EV: 11    Int:  7    God:
Gold: 41            SH:  0    Dex: 15    Spells: 2/2 levels left

rFire   . . .      SeeInvis .   a - +0 trident
rCold   . . .      Faith    .   (no shield)
rNeg    . . .      Spirit   .   g - +0 scale mail
rPois   .          Reflect  .   c - +1 helmet
rElec   .          Harm     .   (no cloak)
rCorr   .          Rampage  .   (no gloves)
Will    .....                   (no boots)
Stlth   ..........              (no amulet)
HPRegen 0.07/turn               (no ring)
MPRegen 0.08/turn               (no ring)

@: heavily drained
A: (nimble swimmer 2), mertail
a: no special abilities


You were on level 6 of the Dungeon.
You visited 1 branch of the dungeon, and saw 4 of its levels.

You collected 41 gold pieces.

Inventory:

Hand Weapons
 a - a +0 trident (weapon)
Missiles
 d - 3 throwing nets (quivered)
 e - a javelin
Armour
 b - a +0 leather armour
 c - a +1 helmet (worn)
 g - a +0 scale mail (worn)
Wands
 m - a wand of roots (6)
Scrolls
 l - a scroll of blinking
Potions
 f - 2 potions of might {unknown}
 h - a potion of haste {unknown}
 i - a potion of lignification {unknown}
 j - 2 potions of resistance
 k - a potion of brilliance


   Skills:
 - Level 2.1 Fighting
 + Level 6.1 Polearms
 - Level 2.0 Throwing
 - Level 4.0 Dodging


You had 2 spell levels left.
You didn't know any spells.
Your spell library contained the following spells:

 Spells                   Type           Power      Damage    Failure   Level
 Ozocubu's Armour         Ice            0%         N/A       99%         3
 Ozocubu's Refrigeration  Ice            0%         4d7       100%        7


Dungeon Overview and Level Annotations

Branches:
Dungeon (3/15)

Altars:


Innate Abilities, Weirdness & Mutations

((You are very nimble when in or above water. (Stealth+, EV+, Speed+++)))
Your lower body shifts to a powerful aquatic tail in water.


Message History

You fall into a shaft and drop 3 floors!
The shaft crumbles and collapses.
Found a club and a glowing glass wand.
m - a wand of roots (6)
Found a robe.
You open the door. 4 wights come into view.
A wight is wielding a +2 falchion of freezing.
The wight attacks as you move away! The wight barely misses you.
The wight attacks as you move away! The wight hits you with a +0 flail.
You feel drained. The wight attacks as you move away! The wight misses you.
The wight attacks as you move away! The wight hits you with a +0 flail!
You feel drained. The wight attacks as you move away!
The wight hits you with a +0 flail. The wight attacks as you move away!
The wight hits you but does no damage. The wight attacks as you move away!
The wight closely misses you. The wight attacks as you move away!
The wight misses you. As you open the door, it creaks loudly!
The wight closely misses you. The wight attacks as you move away!
The wight closely misses you.
There is an open door here.
The wight attacks as you move away! The wight barely misses you.
The wight attacks as you move away! The wight closely misses you.
The wight closely misses you. The wight attacks as you move away!
The wight hits you but does no damage. The wight barely misses you.
Found 11 gold pieces.
Found a stone staircase leading down.
The wight attacks as you move away! The wight closely misses you.
The wight completely misses you. The wight attacks as you move away!
The wight closely misses you.
Found 7 gold pieces and 4 stones.
The wight attacks as you move away! The wight barely misses you.
Found an escape hatch in the ceiling.
The wight attacks as you move away! The wight hits you with a +0 flail!
* * * LOW HITPOINT WARNING * * *
You feel drained. The wight attacks as you move away!
The wight hits you with a +0 flail.
You die...

...........#
....##.....#
######.....#
........#
........#
.##...z.#
###....z#
......zz#
.......@#
###(.$......+
#....<....#
............#
............#
............#
#############


You could see 4 wights.

Vanquished Creatures
  A dart slug (D:1)
  5 endoplasms
  6 giant cockroaches (D:1)
  2 goblins
  3 hobgoblins (D:1)
  4 jackals (D:1)
  3 kobolds
  A quokka (D:2)
  4 ball pythons
  5 bats
  2 frilled lizards
  5 rats
41 creatures vanquished.

Notes
Turn   | Place    | Note
-------+----------+-------------------------------------------
     0 | D:1      | nickcage the Merfolk Gladiator began the quest for the Orb.
     0 | D:1      | Reached XP level 1. HP: 16/16 MP: 1/1
     1 | D:1      | Found a runed translucent door.
   228 | D:1      | Reached XP level 2. HP: 14/22 MP: 2/2
   368 | D:1      | Found a faded altar of an unknown god.
   412 | D:1      | Reached skill level 5 in Polearms
   806 | D:1      | Reached XP level 3. HP: 20/27 MP: 3/3
  1161 | D:2      | Reached skill level 6 in Polearms
  1677 | D:3      | You fall into a shaft and drop 3 floors!
  1692 | D:6      | Noticed a wight
  1692 | D:6      | Noticed a wight
  1692 | D:6      | Noticed a wight
  1692 | D:6      | Noticed a wight
  1743 | D:6      | HP: 1/23 [wight/+0 flail (9)]
  1744 | D:6      | Slain by a wight

Illustrated notes

Levels and vault maps discovered:
D:1:      dpeg_arrival_caged_fury, layout_loops_ring,
          ebering_ecumenical_altar_ruins
D:2:      layout_basic, lemuel_another_geyser
D:3:      cheibrodos_helix_gallery, layout_loops_cross, nicolae_eternal_life,
          grunt_decor_junction, uniq_robin
D:6:      layout_gridville, minmay_temple_entry_mini_moons, serial_rivers,
          chequers_serial_rivers_micro_c, chequers_serial_rivers_small_b,
          chequers_serial_rivers_micro_c, chequers_serial_rivers_room_b

Skill      XL: |  1  2  3 |
---------------+----------+-----
Polearms       | 5 6 |  6.1
Fighting       | |  2.1
Throwing       | |  2.0
Dodging        | |  4.0

Action                   || total
-------------------------++-------
Melee: Trident           ||   134
  Use: Scroll            ||     5
Armor: Scale mail        ||    59
Dodge: Dodged            ||    83
